 Dungeon Crawl Stone Soup version 0.26.1-11-gd32895ea62 (webtiles) character file.

Game seed: 18048557561456465197

1218 Toast5 the Chopper (level 8, -8/51 HPs)
             Began as a Gargoyle Fighter on Apr 18, 2021.
             Was a Follower of Okawaru.
             Killed by divine providence
             ... invoked by an orc priest
              (16 damage)
             ... on level 6 of the Dungeon.
             The game lasted 00:12:24 (4833 turns).

Toast5 the Chopper (Gargoyle Fighter)               Turns: 4833, Time: 00:12:25

Health: -8/51      AC: 21    Str: 21    XL:     8   Next: 46%
Magic:  9/9        EV: 19    Int: 17    God:    Okawaru [*.....]
Gold:   324        SH: 10    Dex:  6    Spells: 7/7 levels left

rFire    . . .     SeeInvis .   n - +3 hand axe
rCold    + + +     Faith    .   c - +1 kite shield
rNeg     + . .     Spirit   .   v - +0 plate armour
rPois    ∞         Reflect  .   (no helmet)
rElec    +         Harm     .   (no cloak)
rCorr    .         Rampage  .   (no gloves)
Will     .....                  t - +2 pair of boots of Hohugg {*Contam rC+++ Int+7 Dex-3}
Stlth    ..........             m - amulet of the acrobat
HPRegen  0.17/turn              j - ring of protection from cold
MPRegen  0.11/turn              (no ring)

@: acrobat
A: negative energy resistance 1, electricity resistance, unbreathing,
petrification resistance, miasma immunity, AC +5
a: Renounce Religion, Heroism


You were on level 6 of the Dungeon.
You worshipped Okawaru.
Okawaru was aware of your devotion.
You visited 2 branches of the dungeon, and saw 7 of its levels.

You collected 324 gold pieces.

Inventory:

Hand Weapons
 a - a +0 war axe
 e - a +1 mace of protection
 n - a +3 hand axe (weapon)
Missiles
 r - 15 poisoned darts (quivered)
Armour
 c - a +1 kite shield (worn)
 t - the +2 pair of boots of Hohugg (worn) {*Contam rC+++ Int+7 Dex-3}
   (You found it on level 5 of the Dungeon)

   It affects your intelligence (+7).
   It affects your dexterity (-3).
   It renders you almost immune to cold.
   It causes magical contamination when unequipped.
 v - a +0 plate armour (worn)
Jewellery
 j - a ring of protection from cold (left hand)
 m - an amulet of the acrobat (around neck)
 s - an uncursed amulet of guardian spirit {unknown}
Scrolls
 f - a scroll of amnesia
 i - 6 scrolls of teleportation
 k - a scroll of immolation
 o - 2 scrolls of enchant weapon
 p - 2 scrolls of random uselessness
 q - a scroll of enchant armour
 u - 2 scrolls of identify
Potions
 d - a potion of might
 g - 3 potions of curing
 h - a potion of lignification
 l - a potion of degeneration {unknown}


   Skills:
 + Level 5.7 Fighting
 * Level 5.8 Axes
 + Level 5.8 Armour
 + Level 5.8 Shields
 + Level 1.3 Invocations


You had 7 spell levels left.
You didn't know any spells.
Your spell library was empty.

Dungeon Overview and Level Annotations

Branches:
Dungeon (6/15)             Temple (1/1) D:4

Altars:
Ashenzari
Dithmenos
Gozag
Makhleb
Nemelex Xobeh
Okawaru
Sif Muna
Trog
Yredelemnul
Zin
The Shining One

Annotations:
D:6 Prince Ribbit


Innate Abilities, Weirdness & Mutations

You are resistant to torment.
Your stone body is resilient. (AC +5)
You are immune to poison.
You resist negative energy. (rN+)
You are resistant to electric shocks. (rElec)
You can survive without breathing.
You are immune to petrification.
You are immune to miasma.


Message History

You are too injured to fight recklessly!
You are too injured to fight recklessly!
You are too injured to fight recklessly!
You are too injured to fight recklessly!
You are too injured to fight recklessly!
You are too injured to fight recklessly!
You are too injured to fight recklessly!
You are too injured to fight recklessly!
You are too injured to fight recklessly!
You are too injured to fight recklessly!
You feel better. The orc warrior completely misses you.
The orc priest mumbles some strange prayers to Beogh against you.
Beogh smites you!
* * * LOW HITPOINT WARNING * * *
You see here an orc corpse.
Found a stone staircase leading up.
The orc priest mumbles some strange prayers to Beogh against you.
Beogh smites you!
You die...

#....# #.# #.....# #.#.##.#
.....###.####.########[#.##.#
.....................)...##.#
.................).......##.#
.........o........÷......##.#
.........................##.#
.........................##.#
...........o...........>###.###
..............o.@.......# #...#
........................# ###.#
........................# #.#
........................ #.#
........................ #<#
...................<.... ###
........................
........................
........).


You could see an orc warrior, an orc priest and an orc.

Vanquished Creatures
  An orc warrior (D:6)
  4 ogres
  A centaur (D:5)
  A bullfrog (D:6)
  2 scorpions
  A howler monkey (D:4)
  A quasit (D:3)
  A hound (D:6)
  3 orc wizards
  A bullfrog skeleton (D:5)
  Jessica (D:4)
  3 worker ants (D:4)
  A hound skeleton (D:5)
  4 gnolls (D:2)
  8 adders
  A shadow imp (D:5)
  An ooze (D:2)
  2 adder skeletons (D:4)
  6 worms
  3 leopard geckos
  13 orcs
  4 giant cockroaches
  7 goblins
  6 hobgoblins
  4 jackals
  4 quokkas
  A ball python (D:1)
  6 bats
  5 frilled lizards
  7 rats
103 creatures vanquished.

Notes
Turn   | Place    | Note
-------+----------+-------------------------------------------
     0 | D:1      | Toast5 the Gargoyle Fighter began the quest for the Orb.
     0 | D:1      | Reached XP level 1. HP: 14/14 MP: 1/1
   754 | D:2      | Reached XP level 2. HP: 7/19 MP: 2/2
  1065 | D:2      | Reached XP level 3. HP: 20/23 MP: 3/3
  1355 | D:2      | Reached XP level 4. HP: 29/29 MP: 4/4
  2212 | D:3      | Reached XP level 5. HP: 31/33 MP: 5/5
  2766 | D:4      | Reached XP level 6. HP: 39/39 MP: 6/6
  2818 | D:4      | Found a glowing silver altar of Zin.
  2843 | D:4      | Found a staircase to the Ecumenical Temple.
  2849 | Temple   | Entered the Ecumenical Temple
  2890 | Temple   | Became a worshipper of Warmaster Okawaru
  3266 | D:4      | Reached XP level 7. HP: 16/44 MP: 7/7
  3489 | D:4      | Noticed Jessica
  3503 | D:4      | Killed Jessica
  3527 | D:4      | Found a shimmering blue altar of Sif Muna.
  3865 | D:5      | Entered Level 5 of the Dungeon
  3901 | D:5      | Reached skill level 5 in Fighting
  3901 | D:5      | Reached skill level 5 in Armour
  3901 | D:5      | Reached skill level 5 in Shields
  3976 | D:5      | Got a pair of dazzling boots
  3982 | D:5      | Identified the +2 pair of boots of Hohugg {*Contam rC+++
                  | Int+7 Dex-3} (You found it on level 5 of the Dungeon)
  4053 | D:5      | Reached * piety under Okawaru
  4054 | D:5      | Reached skill level 5 in Axes
  4227 | D:5      | Reached XP level 8. HP: 49/49 MP: 8/8
  4540 | D:6      | Reached skill level 1 in Invocations
  4633 | D:6      | Noticed Prince Ribbit
  4792 | D:6      | HP: 1/51 [orc priest/divine providence (10)]
  4833 | D:6      | Killed from afar by an orc priest

Illustrated notes

Levels and vault maps discovered:
D:1:      minmay_arrival_loop, layout_basic, minmay_door_square
D:2:      layout_loops_ring
D:3:      layout_rooms
D:4:      layout_basic, zin_academy, minmay_temple_entry_enclosed_plants,
          tgw_sif
D:5:      layout_rooms
D:6:      layout_basic, uniq_prince_ribbit1
Temple:   minmay_crystal_snake_temple

Skill      XL: |  1  2  3  4  5  6  7  8 |
---------------+-------------------------+-----
Axes           | 2 3 4 5 |  5.8
Shields        | 4 5 |  5.8
Fighting       | 4 5 |  5.7
Armour         | 4 5 |  5.8
Invocations    | 1 |  1.3

Action                   |  1- 3 |  4- 6 |  7- 9 || total
-------------------------+-------+-------+-------++-------
Melee: Mace              |   111 |   126 |       ||   237
       War axe           |     2 |       |       ||     2
       Hand axe          |       |    82 |   129 ||   211
Throw: Dart              |       |     5 |    25 ||    30
  Use: Scroll            |     3 |     7 |       ||    10
       Potion            |       |     2 |     2 ||     4
Armor: Scale mail        |    74 |    12 |       ||    86
       Chain mail        |       |   163 |    43 ||   206
       Plate armour      |       |       |    32 ||    32
Dodge: Dodged            |    35 |    42 |    25 ||   102
Block: Kite shield       |    62 |   124 |    60 ||   246
